 Dungeon Crawl Stone Soup version 0.29-a0-1052-g6990b1bffc (webtiles) character file.

Game seed: 15032265016809912292

96 spaghetti the Insei (level 5, 0/40 HPs)
             Began as a Meteoran Transmuter on Aug 18, 2022.
             Slain by a goblin
             ... wielding a +0 dagger
              (2 damage)
             ... on level 3 of the Dungeon.
             The game lasted 00:05:57 (1709 turns).

spaghetti the Insei (Meteoran Transmuter)           Turns: 1709, Time: 00:05:57

Health: 0/40       AC:  2    Str: 11    XL:     5   Next: 20%
Magic:  10/10      EV: 12    Int: 16    God:
Gold:   12         SH:  0    Dex: 15    Spells: 8/9 levels left

rFire   . . .      SeeInvis .     - Unarmed
rCold   . . .      Faith    .   (no shield)
rNeg    . . .      Spirit   .   a - +0 robe
rPois   .          Reflect  .   (helmet currently unavailable)
rElec   .          Harm     .   (no cloak)
rCorr   .          Rampage  .   (no gloves)
Will    .....                   (boots currently unavailable)
Stlth   +.........              (no amulet)
HPRegen 0.13/turn               (no ring)
MPRegen 0.12/turn               (no ring)

@: appendages (expiring), glowing
A: horns 2, talons 2, sense surroundings 1, otherworldly, glowing, explore regen
a: End Transformation


You were on level 3 of the Dungeon.
You had temporarily grown beastly horns and talons.
You visited 1 branch of the dungeon, and saw 3 of its levels.

You collected 66 gold pieces.
You spent 54 gold pieces at shops.


Innate Abilities, Weirdness & Mutations

You have temporarily grown beastly horns and talons.
You passively map a small area around you.
You are easily found by Zot.
You glow in the dark.
You regain HP and MP as you explore.


   Skills:
 - Level 1.1 Fighting
 - Level 2.4 Dodging
 + Level 6.4 Unarmed Combat
 - Level 2.6 Spellcasting
 - Level 2.4 Transmutations


You had 8 spell levels left.
You knew the following spells:

 Your Spells              Type           Power      Damage    Failure   Level
a - Beastly Appendage     Tmut           18%        N/A       7%          1

Your spell library contained the following spells:

 Spells                   Type           Power      Damage    Failure   Level
 Wereblood                Tmut           9%         N/A       11%         2
 Apportation              Tloc           4%         N/A       19%         1
 Foxfire                  Conj/Fire      8%         2x1d4     19%         1
 Blink                    Tloc           4%         N/A       28%         2
 Spider Form              Tmut/Pois      6%         N/A       34%         3
 Ignite Poison            Fire/Tmut/Pois 4%         N/A       38%         3
 Conjure Flame            Conj/Fire      2%         6-21      50%         3
 Dazzling Flash           Conj/Hex       4%         N/A       50%         3
 Inner Flame              Hex/Fire       2%         N/A       50%         3
 Teleport Other           Tloc           2%         N/A       50%         3
 Ice Form                 Ice/Tmut       6%         N/A       75%         4
 Corpse Rot               Necr/Pois/Air  2%         N/A       88%         4
 Dispel Undead            Necr           2%         3d7       88%         4
 Flame Wave               Conj/Fire      2%         2d4       88%         4
 Sticky Flame             Conj/Fire      2%         2d3       88%         4
 Agony                    Necr           2%         N/A       99%         5
 Silence                  Hex/Air        1%         N/A       99%         5
 Death Channel            Necr           1%         N/A       100%        6
 Fire Storm               Conj/Fire      1%         7d1       100%        9

Inventory:

Missiles
 c - 19 stones {throwing}
 m - 2 javelins {throwing}
Armour
 a - a +0 robe (worn)
 l - a +0 helmet (melded)
   (You bought it in a shop on level 1 of the Dungeon)
Scrolls
 d - a scroll of fog {unknown}
 e - 3 scrolls of identify {unknown}
 g - a scroll of poison {unknown}
 h - a scroll of silence {unknown}
 j - a scroll of amnesia {unknown}
 k - 2 scrolls of magic mapping {unknown}
 n - 2 scrolls of noise {unknown}
Potions
 b - a potion of lignification {!q}
 f - a potion of mutation {unknown}
 i - a potion of curing {unknown}
 o - a potion of heal wounds {unknown}
 p - a potion of brilliance {unknown}
 q - a potion of magic {unknown}

Dungeon Overview and Level Annotations

Branches:
Dungeon (3/15) Zot: 101

Altars:

Shops:
D:1

[[[ * * ..# #.# * , #.# ,
,, * * #.# , , , * #.# ,
*, ,, ,,, #.# ,### **#####
#.# ##... ##...## #.#
#.....#####.....# #.#
#.......g@......########.#
#.....##'##.....#........#
##... #...##...##.########
##.*#.....##)###.# #
#.......#.# #.#
#.#...}...#.# #.#
#.#.[.....#.# #.#
##.##.....##.###.#
##...##...##...##.#######


You could see a goblin.


Message History

Your mp is fully restored (10).
You hit the endoplasm but do no damage. You claw the endoplasm.
You kill the endoplasm! 😱 HP[+1]
Things that are here:
a +0 club {mace}; a hobgoblin corpse; an orc corpse Your horns disappear.
Your talons disappear.
Your +0 helmet unmelds from your body.
You open the door.
A ball python and a frilled lizard come into view.
The frilled lizard hisses angrily.
The frilled lizard moves out of view. 😨 HP[+4]
You regained 4 hp, and now have 14/40 hp.
A ball python is nearby!
A ball python is nearby!
Unknown command.
An orc, a goblin and a ball python come into view.
The orc shouts!
The goblin shouts!
The goblin unwields a +0 dagger.
The goblin wields a +0 sling.
The goblin shoots a sling bullet.
The sling bullet barely misses you.
The ball python moves out of view.
There is an open door here. 😨 HP[+1]
The ball python closely misses you. The ball python barely misses you.
The frilled lizard misses you.
The frilled lizard bites you but does no damage.
There is an open door here.
The ball python attacks as you move away!
The ball python bites you but does no damage.
The ball python barely misses you.
The frilled lizard attacks as you move away!
The frilled lizard closely misses you. 😨 HP[+2]
You regained 2 hp, and now have 17/40 hp.
You closely miss the ball python.
The ball python bites you but does no damage.
The ball python closely misses you.
The ball python bites you but does no damage.
The ball python closely misses you. 😨 HP[+1]
The ball python barely misses you. x2
The ball python attacks as you move away!
The ball python bites you but does no damage.
The ball python closely misses you. x2; The ball python bites you.
* * * LOW HITPOINT WARNING * * *
The ball python grabs you. The ball python constricts you.
* * * LOW HITPOINT WARNING * * *
😨 HP[-2]
You take 2 damage, and now have 16/40 hp.
You escape the ball python's grasp.
The ball python barely misses you. The ball python closely misses you.
Casting: Beastly Appendage (safe; 7% risk of failure)
Confirm with . or Enter, or press ? or * to list all spells.
You grow a pair of large bovine horns.
Your feet morph into talons.
Your +0 helmet melds into your body.
The ball python misses you.
The ball python barely misses you. 😨 MP[-1]
You lost 1 mp, and now have 9/10 mp.
Unknown command.
You punch the ball python!
You kill the ball python!
The goblin shoots a sling bullet.
The sling bullet hits you.
* * * LOW HITPOINT WARNING * * *
😨 HP[-5]
You take 5 damage, and now have 11/40 hp.
You barely miss the ball python. Your kick misses the ball python.
The ball python bites you.
* * * LOW HITPOINT WARNING * * *
The ball python grabs you.
The ball python constricts you. 😱 HP[-3]
You take 3 damage, and now have 8/40 hp.
You closely miss the ball python. Your kick misses the ball python.
Your transformation is almost over.
The ball python bites you but does no damage.
The ball python constricts you.
You punch the ball python!
You kill the ball python! 😱 HP[+1]
You hit the frilled lizard.
You kill the frilled lizard!
The goblin shoots a sling bullet.
The sling bullet closely misses you.
You swing at nothing.
You closely miss the orc. The orc hits you but does no damage.
You hit the orc. Your kick misses the orc. The orc hits you with a +0 dagger.
* * * LOW HITPOINT WARNING * * *
😱 HP[-3] MP[+1]
You take 3 damage, and now have 6/40 hp.
Your mp is fully restored (10).
You hit the orc.
You kill the orc!
The goblin shoots a sling bullet.
The sling bullet hits you.
* * * LOW HITPOINT WARNING * * *
😱 HP[-4]
You take 4 damage, and now have 2/40 hp.
The goblin unwields a +0 sling.
The goblin wields a +0 dagger.
The goblin hits you with a +0 dagger.
You die...

Skill      XL: |  1  2  3  4 |
---------------+-------------+-----
Unarmed Combat | 4 5 6 |  6.4
Fighting       | |  1.1
Dodging        | |  2.4
Spellcasting   | |  2.6
Transmutations | |  2.4

Action                   |  1- 3 |  4- 6 || total
-------------------------+-------+-------++-------
Melee: Unarmed           |    90 |   108 ||   198
       Punch             |     2 |     1 ||     3
       Headbutt          |     1 |     4 ||     5
       Kick              |       |     7 ||     7
 Cast: Beastly Appendage |     4 |     5 ||     9
Armor: Robe              |    16 |    43 ||    59
Dodge: Dodged            |    48 |    74 ||   122

Levels and vault maps discovered:
D:1:      kilobyte_arrival_exit_the_forest, layout_basic, serial_shops,
          nicolae_shop_waterfront, nicolae_shop_behind_doors,
          nicolae_shop_statue_plus, kennysheep_crisscross
D:2:      layout_loops_cross, shapermc_ecumenical_altar_flowoftime,
          serial_rivers, chequers_serial_rivers_marsh,
          chequers_serial_rivers_marsh, chequers_serial_rivers_micro_c,
          chequers_serial_rivers_micro_e, chequers_serial_rivers_micro_d
D:3:      minmay_octagon_keep, layout_basic, lemuel_crystal_altar,
          chequers_arboretum, minmay_misc_feat_diagonals

Notes
Turn   | Place    | Note
-------+----------+-------------------------------------------
     0 | D:1      | spaghetti the Meteoran Transmuter began the quest for the
                  | Orb.
     0 | D:1      | Reached XP level 1. HP: 16/16 MP: 5/5
     0 | D:1      | magus.rc [v1.9.6]
    70 | D:1      | Reached skill level 4 in Unarmed Combat
    92 | D:1      | Reached XP level 2. HP: 23/23 MP: 6/6
   113 | D:1      | You pick up a book of the Senses and begin reading...
   113 | D:1      | You add the spells Dazzling Flash, Agony and Silence to
                  | your library.
   169 | D:1      | You add the spells Conjure Flame, Ignite Poison and Sticky
                  | Flame to your library.
   194 | D:1      | Found Rudexoeh's Antique Armour Emporium.
   213 | D:1      | You add the spells Apportation, Blink, Inner Flame,
                  | Teleport Other and Fire Storm to your library.
   213 | D:1      | Got the Monograph on Discontinuous Heat
   237 | D:1      | Found Donoz's Armour Boutique.
   349 | D:1      | Reached XP level 3. HP: 22/28 MP: 8/8
   420 | D:1      | Reached skill level 5 in Unarmed Combat
   461 | D:1      | Found Jipal's Armour Shoppe.
   503 | D:1      | Glimpsed the power of Zot.
   553 | D:1      | Glimpsed the power of Zot.
   602 | D:2      | You pick up a book of Decay and begin reading...
   602 | D:2      | You add the spells Corpse Rot, Dispel Undead and Death
                  | Channel to your library.
   639 | D:2      | You pick up a book of Flames and begin reading...
   639 | D:2      | You add the spells Foxfire and Flame Wave to your library.
   721 | D:2      | Found a faded altar of an unknown god.
   761 | D:2      | Reached XP level 4. HP: 35/35 MP: 9/9
   911 | D:1      | Bought a +0 helmet for 54 gold pieces
  1102 | D:2      | Glimpsed the power of Zot.
  1151 | D:2      | Glimpsed the power of Zot.
  1468 | D:3      | Reached skill level 6 in Unarmed Combat
  1652 | D:3      | Reached XP level 5. HP: 25/40 MP: 10/10
  1678 | D:3      | HP: 9/40 [hobgoblin (5)]
  1701 | D:3      | HP: 8/40 [ball python (3)]
  1707 | D:3      | HP: 6/40 [orc/+0 dagger (3)]
  1708 | D:3      | HP: 2/40 [goblin/sling bullet (4)]
  1709 | D:3      | Slain by a goblin

Vanquished Creatures
  An adder (D:3)
  6 dart slugs
  4 orcs (D:3)
  10 endoplasms
  2 giant cockroaches
  5 goblins
  3 hobgoblins
  3 jackals (D:1)
  2 quokkas
  8 ball pythons
  8 bats
  2 frilled lizards
  3 kobolds
  7 rats
64 creatures vanquished.

Table legend:
 A = Non-vault XP
 B = Vault XP
 C = Vault XP percentage of total XP
 D = Non-vault monster count
 E = Vault monster count
 F = Vault count percentage of total count
                 A         B        C        D         E       F
            +---------+---------+-------+---------+---------+-------
      Total |     114 |      24 |  17.4 |      55 |       9 |  14.1
            +---------+---------+-------+---------+---------+-------
        D:1 |      39 |       0 |   0.0 |      20 |       0 |   0.0
        D:2 |      31 |       0 |   0.0 |      18 |       0 |   0.0
        D:3 |      44 |      24 |  35.3 |      17 |       9 |  34.6
            +---------+---------+-------+---------+---------+-------

Illustrated notes

Table legend:
 A = Kills in this place as a percentage of kills in entire the game.
 B = Kills by you in this place as a percentage of kills by you in the entire game.
 C = Kills by friends in this place as a percentage of kills by friends in the entire game.
 D = Other kills in this place as a percentage of other kills in the entire game.
 E = Experience gained in this place as a percentage of experience gained in the entire game.
 F = Experience gained in this place divided by the number of levels of this place that you have seen.
                   A       B       C       D       E      F
               +-------+-------+-------+-------+-------+----------------------
         Total | 100.0 | 100.0 |   N/A |   N/A | 100.0 |  46.0
       Dungeon | 100.0 | 100.0 |   N/A |   N/A | 100.0 |  46.0
               +-------+-------+-------+-------+-------+----------------------

Table legend: (Time is in decaauts)
 A = Elapsed time spent in this place.
 B = Non-inter-level travel time spent in this place.
 C = Inter-level travel time spent in this place.
 D = Time resting spent in this place.
 E = Time spent auto-exploring this place.
 F = Levels seen in this place.
 G = Mean time per level.
                   A        B        C        D        E       F      G
               +--------+--------+--------+--------+--------+-----+--------+
         Total |   1697 |   1594 |    103 |      0 |   1178 |   3 |  565.7 |
       Dungeon |   1697 |   1594 |    103 |      0 |   1178 |   3 |  565.7 |
               +--------+--------+--------+--------+--------+-----+--------+

Top non-repeatable levels by time:
     D:2: 589 daAuts
     D:1: 584 daAuts
     D:3: 523 daAuts
